 Dungeon Crawl Stone Soup version 0.29.1-2-gbd0b4ee654 (webtiles) character file.

Game seed: 17454438659956623205

51 psychoticunicorn3 the Trooper (level 3, 15/51 HPs)
             Began as a Hill Orc Fighter on Nov 11, 2022.
             Quit the game on level 2 of the Dungeon.
             The game lasted 00:13:02 (707 turns).

psychoticunicorn3 the Trooper (Hill Orc Fighter)     Turns: 707, Time: 00:13:02

Health: 15/51      AC: 21    Str: 20    XL:     3   Next: 81%
Magic:  3/3        EV:  2    Int:  8    God:
Gold:   42         SH:  0    Dex: 10    Spells: 2/2 levels left

rFire   . . .      SeeInvis .   d - +2 short sword (speed)
rCold   . . .      Faith    .   c - +0 buckler
rNeg    . . .      Spirit   .   (body armour currently unavailable)
rPois   +          Reflect  .   (helmet currently unavailable)
rElec   .          Harm     .   (cloak currently unavailable)
rCorr   .          Rampage  .   (gloves currently unavailable)
Will    .....      NoTele   +   (boots currently unavailable)
Stlth   +.........              (no amulet)
HPRegen 0.17/turn               (no ring)
MPRegen 0.08/turn               (no ring)

@: confused, tree-form, ambrosia-drunk
A: stationary, stasis, torment immunity, boosted hp
a: no special abilities


You were on level 2 of the Dungeon.
You were a tree.
You visited 1 branch of the dungeon, and saw 2 of its levels.

You collected 42 gold pieces.

Inventory:

Hand Weapons
 a - a +0 war axe
 d - a +2 short sword of speed (weapon)
 f - a +0 club
Missiles
 j - 6 poisoned darts (quivered)
 l - 6 stones
Armour
 b - a +0 scale mail (melded)
 c - a +0 buckler (worn)
 e - a +0 robe
 k - a +0 ring mail
 m - a +2 helmet
Scrolls
 h - a scroll of identify {unknown}
 i - a scroll of teleportation {unknown}


   Skills:
 + Level 4.3 Fighting
 + Level 1.0 Short Blades
 + Level 2.7 Axes
 + Level 4.0 Armour
 + Level 3.6 Shields


You had 2 spell levels left.
You didn't know any spells.
Your spell library was empty.

Dungeon Overview and Level Annotations

Branches:
Dungeon (2/15)

Altars:


Message History

You are too confused!
You are too confused!
You are too confused!
You are too confused!
You are too confused!
You are too confused!
You are too confused!
You are too confused!
You are too confused!
You are too confused!
You are too confused!
You are too confused!
You are too confused!
You are too confused!
Okay, then.
You are too confused!
You are too confused!
You are too confused!
You are too confused!
You are too confused!
You are too confused!
You are too confused!
You are too confused!
You are too confused!
You are too confused!
You are too confused!
You are too confused!
You are too confused!
You are too confused!
You are too confused!
You are too confused!
You are too confused!
You are too confused!
You are too confused!
You are too confused!
You are too confused!
You are too confused!
You are too confused!
Unknown command.
Are you sure you want to abandon this character and quit the game? (Confirm with "yes".)

#)####### #.# #.# #)# #.#
#.# #.####### #.# #.##
#.......# #.# #...
#<......# #.# #...
#.#.......# #.# #...
#.......### #...
####.########.#####.###...
.........♣.............>..
####.########.#####.###...
#.........# #......#
#.######### #####..# #..#
#..# #..# ##..# #...#


There were no monsters in sight!

Vanquished Creatures
  Robin (D:2)
  A dart slug (D:1)
  An endoplasm (D:2)
  A giant cockroach (D:1)
  13 goblins
  4 hobgoblins (D:2)
  2 jackals (D:1)
  2 kobolds (D:1)
  4 ball pythons
  3 bats
  A rat (D:1)
33 creatures vanquished.

Vanquished Creatures (others)
  2 plants (D:1)
2 creatures vanquished.

Grand Total: 35 creatures vanquished

Notes
Turn   | Place    | Note
-------+----------+-------------------------------------------
     0 | D:1      | psychoticunicorn3 the Hill Orc Fighter began the quest for
                  | the Orb.
     0 | D:1      | Reached XP level 1. HP: 19/19 MP: 1/1
   114 | D:1      | Reached XP level 2. HP: 18/27 MP: 2/2
   590 | D:2      | Found a faded altar of an unknown god.
   608 | D:2      | Noticed Robin
   612 | D:2      | Reached XP level 3. HP: 30/33 MP: 3/3
   651 | D:2      | Killed Robin
   652 | D:2      | Reached skill level 1 in Short Blades
   707 | D:2      | Quit the game

Illustrated notes

Levels and vault maps discovered:
D:1:      grunt_arrival_lava_bath, layout_basic, serial_forest,
          infiniplex_forest_end_1, infiniplex_forest_clump_medium,
          infiniplex_forest_straight_1, infiniplex_forest_clump_small,
          infiniplex_forest_lined_3_way, infiniplex_forest_lined_room_3,
          infiniplex_forest_zigzag_1, infiniplex_forest_lined_room_3,
          infiniplex_forest_clump_medium
D:2:      layout_basic, ebering_ecumenical_altar_mist, uniq_robin

Skill      XL: |  1  2  3 |
---------------+----------+-----
Fighting       | 4 |  4.3
Short Blades   | 1 |  1.0
Armour         | 4 |  4.0
Axes           | |  2.7
Shields        | |  3.6

Action                   || total
-------------------------++-------
Melee: Short sword       ||   115
       War axe           ||     1
  Use: Potion            ||     3
Armor: Scale mail        ||    45
Dodge: Dodged            ||    41
Block: Buckler           ||    20
